Description

Terran mech

Replay - gumiho v Rogue: Game 1 - King's Cove LE

Build Order

Get SALT Encoding   

  12  0:00  SCV  
  13  0:12  SCV  
  14  0:18  Supply Depot  
  14  0:25  SCV  
  15  0:40  SCV  
  16  0:52  SCV  
  17  1:00  Command Center  
  17  1:04  SCV  
  18  1:14  Barracks  
  18  1:18  SCV  
  19  1:23  Refinery  
  19  1:30  SCV  
  19  1:32  Refinery  
  20  1:42  SCV  
  22  1:54  SCV  
  23  2:01  Reaper  
  23  2:06  Orbital Command  
  23  2:11  Orbital Command  
  23  2:19  Factory  
  23  2:35  Barracks Reactor  
  26  2:47  Factory  
  28  3:03  Supply Depot  
  29  3:10  Starport  
  31  3:20  Hellion x2  
  31  3:26  Barracks Tech Lab  
  38  3:41  Hellion x2  
  38  3:47  Medivac  
  38  3:48  Cyclone  
  43  3:52  Supply Depot  
  45  3:57  Supply Depot  
  46  4:03  Liberator  
  46  4:10  Barracks Tech Lab  
  46  4:11  Supply Depot  
  46  4:16  Hellion x2  
  59  4:40  Hellion x2  
  63  4:49  Command Center  
  65  4:55  Mag-Field Accelerator  
  65  4:58  Refinery  
  65  5:09  Cyclone  
  65  5:11  Hellion x2  
  66  5:36  Command Center  
  66  5:41  Siege Tank  
  73  5:44  Banshee  
  73  5:49  Refinery  
  78  5:54  Factory  
  77  6:15  Siege Tank  
  81  6:25  Refinery x2  
  86  6:27  Banshee  
  86  6:31  Engineering Bay  
  82  6:38  Armory x2  
  82  6:39  Factory Tech Lab  
  89  6:48  Orbital Command  
  90  6:59  Cyclone x2  
  93  7:29  Terran Vehicle And Ship Armor Level 1  
  88  7:31  Cyclone x2  
  88  7:37  Factory x2  
  99  7:38  Missile Turret x3  
  106  7:58  Starport Reactor  
  106  8:03  Siege Tank, Cyclone  
  112  8:11  Factory x2  
  93  8:35  Siege Tank x2  
  93  8:39  Liberator x2  
  97  9:02  Factory Tech Lab x2  
  97  9:08  Siege Tank  
  106  9:26  Terran Vehicle And Ship Armor Level 2  
  106  9:32  Orbital Command  
  105  9:46  Refinery x2  
  105  9:48  Armory  
  105  9:49  Missile Turret  
Spawning Tool Build Advisor. Get it on Overwolf

Go to:

Details

  • Created by: godtegod
  • Published on: Apr 08, 2019
  • Modified on: Apr 08, 2019
  • Patch: 4.7.1
Show
View Real Time Build Order
Export as new Build Order

Comments (0)

There are no comments. Be the first!

Create an account to comment!